Map: Ruby Rock LE

Players

llllllllllll

  • Race: Zerg Zerg
  • League: Diamond

llllllllllll - Winner!

  • Race: Protoss Protoss
  • League: Diamond

VOD

Have the link to the VOD?

Description

Time

  • Played on: May 31, 2026, 10:47 p.m.
  • Length: 13:23
Show
View Real Time Build Order
Export as new Build Order

llllllllllll Zerg 

Build Orders: Hatch First 

Get SALT Encoding   

  8  0:01  Drone  
  9  0:10  Drone  
  10  0:16  Drone  
  11  0:22  Drone  
  12  0:32  Overlord  
  12  0:51  Drone x2  
  14  1:05  Hatchery  
  14  1:10  Drone  
  14  1:14  Drone  
  15  1:30  Spawning Pool  
  14  1:33  Drone  
  14  1:37  Drone  
  16  1:44  Overlord  
  16  1:52  Overlord  
  16  2:16  Zergling x2  
  16  2:17  Queen  
  16  2:18  Queen  
  16  2:22  Zergling x2  
  22  2:25  Zergling x2  
  23  2:31  Drone  
  23  2:32  Drone  
  23  2:35  Drone  
  26  2:39  Drone  
  27  2:50  Spine Crawler  
  26  2:53  Spine Crawler  
  25  3:02  Queen  
  27  3:06  Drone  
  27  3:08  Drone  
  27  3:11  Drone  
  30  3:14  Drone  
  30  3:17  Drone  
  34  3:38  Spore Crawler  
  34  3:40  Spore Crawler  
  32  3:43  Drone x6  
  38  3:54  Drone  
  38  3:55  Drone  
  40  4:08  Drone  
  39  4:13  Drone  
  40  4:17  Overlord x2  
  40  4:18  Overlord x2  
  40  4:22  Extractor x2  
  40  4:23  Extractor  
  37  4:24  Extractor  
  37  4:25  Queen  
  37  4:26  Queen  
  37  4:28  Overlord  
  41  4:38  Zergling x4  
  42  5:03  Lair  
  42  5:05  Queen  
  44  5:13  Drone x8  
  52  5:18  Spore Crawler  
  52  5:20  Spore Crawler  
  50  5:22  Drone  
  50  5:23  Drone x5  
  56  5:32  Drone x2  
  57  5:45  Queen  
  57  6:01  Zergling x12  
  63  6:04  Zergling x2  
  63  6:05  Zergling x2  
  65  6:12  Spire  
  65  6:16  Spore Crawler  
  63  6:18  Spore Crawler  
  63  6:19  Zergling x4  
  63  6:20  Zergling x2  
  63  6:21  Queen, Zergling x2  
  68  6:25  Zergling x2  
  68  6:26  Zergling x2  
  68  6:27  Zergling x2  
  68  6:29  Zergling x2  
  68  6:31  Zergling x2  
  68  6:32  Zergling x2  
  72  6:39  Zergling x2  
  67  6:40  Zergling x2  
  67  6:41  Zergling x4  
  67  6:43  Zergling x2  
  67  6:44  Zergling x2  
  67  6:46  Zergling x2  
  67  6:48  Zergling x2  
  67  6:53  Zergling x2  
  60  6:54  Zergling x2  
  60  6:55  Spore Crawler  
  60  6:56  Queen  
  60  6:58  Spore Crawler  
  60  7:01  Spore Crawler  
  55  7:07  Queen  
  49  7:18  Corruptor x2  
  48  7:22  Corruptor  
  48  7:28  Corruptor  
  51  7:35  Corruptor  
  53  7:42  Corruptor  
  51  7:47  Corruptor  
  51  7:50  Drone  
  54  7:54  Corruptor  
  56  8:00  Corruptor  
  56  8:03  Drone  
  59  8:07  Corruptor  
  59  8:12  Corruptor  
  61  8:17  Corruptor  
  59  8:23  Corruptor  
  59  8:28  Corruptor  
  59  8:34  Corruptor  
  59  8:39  Corruptor  
  63  8:45  Corruptor  
  65  8:50  Corruptor  
  65  8:55  Corruptor  
  67  9:02  Corruptor  
  71  9:08  Corruptor  
  67  9:10  Corruptor  
  65  9:17  Corruptor  
  65  9:21  Corruptor  
  59  9:31  Corruptor  
  57  9:40  Zergling x8  
  57  9:41  Zergling x2  
  62  9:49  Corruptor  
  62  9:52  Corruptor  
  66  10:02  Queen x2  
  66  10:04  Corruptor  
  66  10:06  Zergling x2  
  73  10:14  Corruptor  
  73  10:16  Zergling x2  
  76  10:27  Corruptor  
  67  10:36  Zergling x6  
  70  10:43  Corruptor  
  70  10:46  Corruptor  
  70  10:49  Queen x2  
  74  10:57  Corruptor  
  78  10:59  Overlord  
  80  11:11  Overlord x2  
  80  11:15  Overlord  
  80  11:17  Corruptor x2  
  84  11:26  Corruptor  
  86  11:33  Zergling x8  
  86  11:38  Drone  
  91  11:41  Corruptor  
  91  11:46  Corruptor  
  86  11:51  Zergling x2  
  81  12:00  Zergling x4  
  78  12:03  Zergling x2  
  78  12:04  Zergling x8  
  78  12:05  Zergling x2  
  83  12:15  Zergling x2  
  79  12:26  Zergling x2  
  79  12:27  Hatchery  
  71  12:39  Zergling x2  
  71  12:42  Zergling x2  
  73  12:47  Zergling x2  
  65  13:01  Zergling x2  
Show
View Real Time Build Order
Export as new Build Order

llllllllllll Protoss - Winner!

Build Orders:  

Get SALT Encoding   

  8  0:00  Probe  
  9  0:12  Probe  
  10  0:24  Probe  
  11  0:33  Pylon  
  11  0:37  Probe  
  12  0:48  Probe  
  12  0:54  Gateway  
  12  0:56  Probe  
  14  1:05  Assimilator  
  14  1:08  Probe  
  15  1:20  Probe  
  16  1:32  Probe  
  17  1:43  Probe  
  17  1:45  Pylon  
  18  1:48  Cybernetics Core  
  18  1:51  Assimilator  
  18  1:52  Probe  
  18  2:00  Probe  
  20  2:11  Probe  
  21  2:18  Adept  
  21  2:23  Probe  
  21  2:27  Stargate  
  22  2:35  Probe  
  25  2:45  Forge  
  25  2:47  Probe  
  25  2:49  Pylon  
  26  2:54  Adept  
  28  3:17  Fleet Beacon  
  28  3:32  Photon Cannon  
  28  3:35  Shield Battery  
  28  3:45  Adept  
  30  3:51  Pylon  
  30  4:05  Tempest  
  32  4:27  Photon Cannon  
  32  4:29  Shield Battery  
  32  4:40  Tempest  
  36  5:15  Tempest  
  36  5:17  Nexus  
  36  5:25  Pylon  
  40  5:58  Tempest, Shield Battery  
  40  6:01  Photon Cannon, Unknown  
  44  6:26  Shield Battery  
  44  6:35  Tempest  
  46  6:52  Probe  
  45  7:04  Probe  
  45  7:07  Shield Battery  
  46  7:09  Photon Cannon  
  46  7:11  Photon Cannon  
  46  7:16  Probe  
  46  7:18  Tempest  
  46  7:22  Pylon  
  51  7:33  Photon Cannon  
  51  8:17  Void Ray  
  55  8:35  Photon Cannon  
  55  8:36  Shield Battery  
  55  8:39  Photon Cannon  
  55  8:47  Probe  
  55  8:55  Probe  
  60  8:59  Void Ray  
  61  9:04  Probe  
  46  9:32  Void Ray  
  50  9:40  Probe  
  50  9:45  Gateway  
  51  9:46  Gateway, Warp Gate  
  51  9:48  Gateway  
  51  9:51  Pylon  
  51  9:52  Probe  
  52  10:00  Probe  
  53  10:07  Void Ray  
  53  10:08  Probe  
  53  10:09  Photon Cannon  
  58  10:18  Probe  
  51  10:38  Zealot x2  
  51  10:41  Void Ray  
  55  10:43  Twilight Council, Assimilator  
  55  10:45  Assimilator  
  59  10:54  Probe  
  60  11:00  Pylon x2  
  60  11:03  Gateway  
  60  11:06  Gateway  
  60  11:08  Gateway  
  61  11:11  Probe  
  61  11:16  Stalker x2  
  61  11:18  Stalker  
  61  11:23  Probe  
  68  11:28  Stalker x2  
  68  11:33  Void Ray  
  68  11:35  Probe  
  68  11:36  Stalker  
  73  11:49  Stalker  
  57  12:02  Stalker x2  
  57  12:03  Stalker  
  63  12:21  Stalker x2  
  63  12:37  Stalker  
  63  12:39  Stalker  
  66  12:57  Stalker  
  55  12:58  Sentry  
  54  13:10  Stalker  
Tags
 
Add a new tag
Caveats
  • Supply blocks, unpowered buildings, or Contaminate may cause inaccurate times.
  • Supply counts are checked every 10 seconds.